 Dungeon Crawl Stone Soup version 0.29-a0-1047-g7c58e119a4 (webtiles) character file.

Game seed: 2935945117891142611

371 ytrimaz the Insei (level 6, -1/43 HPs)
             Began as a Demonspawn Transmuter on Aug 16, 2022.
             Slain by a hound (3 damage)
             ... on level 4 of the Dungeon.
             The game lasted 00:03:34 (4659 turns).

ytrimaz the Insei (Demonspawn Transmuter)           Turns: 4659, Time: 00:03:34

Health: -1/43      AC:  2    Str: 13    XL:     6   Next: 42%
Magic:  9/9        EV: 12    Int: 13    God:
Gold:   137        SH:  0    Dex: 13    Spells: 3/9 levels left

rFire   + . .      SeeInvis +     - Unarmed
rCold   . . .      Faith    .   (no shield)
rNeg    + + .      Spirit   .   a - +0 robe
rPois   .          Reflect  .   (no helmet)
rElec   +          Harm     .   (no cloak)
rCorr   .          Rampage  .   (gloves unavailable)
Will    .....                   (no boots)
Stlth   +.........              (no amulet)
HPRegen 0.14/turn               e - ring of protection from fire
MPRegen 0.11/turn               f - ring "Ungyucs" {rElec rN++ Str+2 Int-3 SInv}

@: no status effects
A: claws 3
a: no special abilities


You were on level 4 of the Dungeon.
You visited 1 branch of the dungeon, and saw 4 of its levels.

You collected 137 gold pieces.

Inventory:

Armour
 a - a +0 robe (worn)
 c - a +1 pair of gloves
Jewellery
 e - a ring of protection from fire (left claw)
 f - the ring "Ungyucs" (right claw) {rElec rN++ Str+2 Int-3 SInv}
   (You acquired it on level 2 of the Dungeon)

   [ring of see invisible]

   Str:       It affects your strength (+2).
   Int:       It affects your intelligence (-3).
   rElec:     It insulates you from electricity.
   rN:        It greatly protects you from negative energy.
   SInv:      It lets you see invisible.
 j - a ring of resist corrosion
 o - a +6 ring of intelligence
Wands
 b - a wand of quicksilver (13)
Scrolls
 h - a scroll of brand weapon
Potions
 d - 2 potions of attraction
 g - 2 potions of magic
 i - a potion of invisibility {unknown}
 k - a potion of might {unknown}
 l - a potion of brilliance {unknown}
 m - a potion of cancellation {unknown}
 n - a potion of ambrosia {unknown}


   Skills:
 - Level 1.0 Fighting
 - Level 1.7 Dodging
 + Level 5.1 Unarmed Combat
 - Level 2.4 Spellcasting
 + Level 4.2 Transmutations


You had 3 spell levels left.
You knew the following spells:

 Your Spells              Type           Power      Damage    Failure   Level
a - Beastly Appendage     Tmut           24%        N/A       4%          1
b - Wereblood             Tmut           12%        N/A       6%          2
c - Spider Form           Tmut/Pois      7%         N/A       30%         3

Your spell library contained the following spells:

 Spells                   Type           Power      Damage    Failure   Level
 Apportation              Tloc           2%         N/A       24%         1
 Necrotise                Necr           4%         1d4       24%         1
 Summon Small Mammal      Summ           4%         N/A       24%         1
 Ice Form                 Ice/Tmut       7%         N/A       71%         4


Dungeon Overview and Level Annotations

Branches:
Dungeon (4/15)
 Temple: D:4-7

Altars:
Makhleb
Uskayaw

Shops:
D:3 [


Innate Abilities, Weirdness & Mutations

You have claws for hands.


Message History

The kobold throws a poisoned dart.
The poisoned dart hits you!
You are poisoned.
You feel very sick.
You feel sick.
The kobold throws a poisoned dart.
The poisoned dart hits you!
You are more poisoned.
Your horns disappear.
Your talons disappear.
You feel very sick.
The kobold throws a poisoned dart.
The poisoned dart closely misses you.
You see here a howler monkey corpse.
A hound comes into view.
You feel very sick.
The hound barks!
A goblin comes into view. It is wielding a +0 dagger.
You scratch the kobold.
You kill the kobold!
You feel sick.
A kobold comes into view. It is wielding a +0 club.
You are too injured to fight recklessly!
Unknown command.
Okay, then.
You feel sick.
You see here a howler monkey corpse.
You feel sick.
You feel sick.
You feel sick. The hound bites you.
* * * LOW HITPOINT WARNING * * *
The hound attacks as you move away! The hound bites you.
* * * LOW HITPOINT WARNING * * *
You feel sick.
You feel sick. The hound closely misses you.
You feel sick.
You are no longer poisoned.
You scratch the hound but do no damage. The hound bites you.
* * * LOW HITPOINT WARNING * * *
The hound bites you.
* * * LOW HITPOINT WARNING * * *
You claw the hound!
The hound is severely wounded.
The hound bites you.
You die...

g#..)..#..# #.#
.#.###.#..# #.# ##...##..
## # #.# ..##.##..##.####
###.#####..
....h.)...$.....
..........#..
##.#.#...##.# #.#
#........ ..^....#†..#
#(# #.# #.###.##.
##.##..#...###.###.###.#
#.##.
.........h@.......#.#
#.###
####.#...###.###.#.#.#
#.#
#.......†.........###.###
####..###.#.............<
#..........#..........
#........#########.###
######.............#
###############


You could see a hound.

Vanquished Creatures
  A black bear (D:4)
  A phantom (D:2)
  A howler monkey (D:4)
  Robin (D:3)
  7 adders
  An ufetubus (D:4)
  2 worms (D:3)
  3 dart slugs
  5 orcs (D:3)
  3 endoplasms
  A giant cockroach (D:2)
  15 goblins
  11 hobgoblins
  3 jackals (D:1)
  A quokka (D:2)
  5 ball pythons
  10 bats
  2 frilled lizards
  6 kobolds
  4 rats
83 creatures vanquished.

Vanquished Creatures (others)
  A goblin (D:3)
1 creature vanquished.

Grand Total: 84 creatures vanquished

Notes
Turn   | Place    | Note
-------+----------+-------------------------------------------
     0 | D:1      | ytrimaz the Demonspawn Transmuter began the quest for the
                  | Orb.
     0 | D:1      | Reached XP level 1. HP: 15/15 MP: 3/3
   249 | D:1      | Gained mutation: You have sharp fingernails. [demonic
                  | ancestry]
   249 | D:1      | Reached XP level 2. HP: 20/21 MP: 3/5
   651 | D:1      | Reached skill level 3 in Unarmed Combat
  1154 | D:2      | Gained mutation: You have very sharp fingernails. [demonic
                  | ancestry]
  1154 | D:2      | Reached XP level 3. HP: 24/26 MP: 4/6
  1185 | D:2      | Noticed a phantom
  1194 | D:2      | Killed a phantom
  1195 | D:2      | Reached XP level 4. HP: 13/32 MP: 5/7
  1604 | D:2      | Identified a scroll of acquirement
  1612 | D:2      | Reached skill level 4 in Unarmed Combat
  1745 | D:2      | Acquired the ring "Ungyucs" {rElec rN++ Str+2 Int-3 SInv}
  1977 | D:2      | Found a faded altar of an unknown god.
  2032 | D:2      | Learned a level 2 spell: Wereblood
  2036 | D:2      | Learned a level 3 spell: Spider Form
  2463 | D:2      | Gained mutation: You have claws for hands. [demonic
                  | ancestry]
  2463 | D:2      | Reached XP level 5. HP: 37/37 MP: 6/8
  2905 | D:3      | Found a hide-covered altar of Uskayaw.
  2907 | D:3      | Noticed a +0 hand axe
  2907 | D:3      | Noticed a +0 hand axe
  3265 | D:3      | Found Dodip's Antique Armour Shoppe.
  3358 | D:3      | Identified the +6 hand axe of Untimely Demise {vamp, MP-9
                  | Str+4 Int+6}
  3558 | D:3      | Noticed Robin
  3572 | D:3      | Killed Robin
  4287 | D:4      | Identified the +7 short sword of Contradiction {venom,
                  | rPois rF+ Dex-3}
  4311 | D:4      | Found a burning altar of Makhleb.
  4487 | D:4      | Noticed a black bear
  4495 | D:4      | Killed a black bear
  4496 | D:4      | Reached XP level 6. HP: 26/43 MP: 7/9
  4544 | D:4      | Reached skill level 5 in Unarmed Combat
  4658 | D:4      | HP: 2/43 [hound (3)]
  4659 | D:4      | Slain by a hound

Illustrated notes

Levels and vault maps discovered:
D:1:      minmay_arrival_shoal_huts, layout_basic
D:2:      layout_basic, basic_ecumenical_altar, chequers_serial_rivers_room_b
D:3:      layout_loops_corners, dancing_weapons_uskayaw, serial_shops, shop,
          uniq_robin
D:4:      layout_loops_ring, mainiacjoe_overflow_24_doors, minmay_checkerbox

Skill      XL: |  1  2  3  4  5  6 |
---------------+-------------------+-----
Transmutations | 2 3 4 |  4.2
Unarmed Combat | 3 4 5 |  5.1
Fighting       | |  1.0
Dodging        | |  1.7
Spellcasting   | |  2.4

Action                   |  1- 3 |  4- 6 || total
-------------------------+-------+-------++-------
Melee: Unarmed           |    70 |   128 ||   198
       Kick              |     5 |    19 ||    24
       Headbutt          |     5 |     7 ||    12
       Punch             |     1 |     2 ||     3
 Cast: Beastly Appendage |    15 |    37 ||    52
       Wereblood         |       |     1 ||     1
  Use: Scroll            |     2 |     6 ||     8
       Potion            |       |     1 ||     1
Armor: Robe              |     8 |    20 ||    28
       Skin              |       |    30 ||    30
Dodge: Dodged            |    49 |    84 ||   133

Table legend: (Time is in decaauts)
 A = Elapsed time spent in this place.
 B = Non-inter-level travel time spent in this place.
 C = Inter-level travel time spent in this place.
 D = Time resting spent in this place.
 E = Time spent auto-exploring this place.
 F = Levels seen in this place.
 G = Mean time per level.
                   A        B        C        D        E       F      G
               +--------+--------+--------+--------+--------+-----+--------+
         Total |   4648 |   4572 |     76 |    446 |   3473 |   4 | 1162.0 |
       Dungeon |   4648 |   4572 |     76 |    446 |   3473 |   4 | 1162.0 |
               +--------+--------+--------+--------+--------+-----+--------+

Top non-repeatable levels by time:
     D:2: 1689 daAuts
     D:3: 1372 daAuts
     D:1: 1150 daAuts
     D:4: 435 daAuts
